 Dungeon Crawl Stone Soup version 0.16-a0-2038-g968ce0a (webtiles) character file.

135 wvc the Cudgeler (level 5, -5/41 HPs)
             Began as a Ghoul Gladiator on Nov 10, 2014.
             Slain by a gnoll
             ... wielding a +0 flail
              (7 damage)
             ... on level 3 of the Dungeon.
             The game lasted 00:05:10 (2401 turns).

wvc the Cudgeler (Ghoul Gladiator)                  Turns: 2401, Time: 00:05:10

Health: -5/41      AC:  5    Str: 19    XL:     5   Next: 18%
Magic:  4/4        EV: 11    Int:  3    God:
Gold:   73         SH:  0    Dex: 10    Spells: 0 memorised, 4 levels left

rFire  . . .     SeeInvis .     a - +1 flail
rCold  + . .     Clarity  .     b - +1 leather armour
rNeg   + + +     SustAb   .     (no shield)
rPois  +         Gourm    .     c - +0 helmet
rElec  .         Spirit   .     (no cloak)
rCorr  .         Warding  .     (no gloves)
rMut   .         Stasis   .     (no boots)
MR     .....                    (no amulet)
Stlth  +.........               (no ring)
                                (no ring)

@: rotting, not resistant to hostile enchantments, very unstealthy
A: rotting body, claws 1, carnivore 3, cold resistance 1, negative energy
resistance 3, poison resistance, slow healing 1, torment resistance, unbreathing
a: no special abilities


You were on level 3 of the Dungeon.
You were not hungry.

You visited 1 branch of the dungeon, and saw 3 of its levels.

You collected 73 gold pieces.

Inventory:

Hand weapons
 a - a +1 flail (weapon)
Missiles
 d - 3 throwing nets (quivered)
Armour
 b - a +1 leather armour (worn)
 c - a +0 helmet (worn)
 n - a +0 robe
Jewellery
 i - an uncursed amulet of warding
Scrolls
 e - a scroll of teleportation
 f - 2 scrolls of identify
 j - 2 scrolls of enchant weapon
 m - 2 scrolls of immolation
 o - a scroll of magic mapping {unknown}
 q - a scroll of fear {unknown}
 r - a scroll of remove curse
Potions
 g - a potion of resistance
Comestibles
 h - a beef jerky
 p - 5 chunks of flesh


   Skills:
 - Level 2.1 Fighting
 * Level 5.2 Maces & Flails
 - Level 1.7 Throwing
 - Level 2.6 Dodging


You had 4 spell levels left.
You didn't know any spells.

Dungeon Overview and Level Annotations

Branches:
Dungeon (3/15)

Altars:


Innate Abilities, Weirdness & Mutations

Your body is rotting away.
You thrive on raw meat.
You have sharp fingernails.
You are carnivorous and can eat meat at any time.
Your flesh is cold resistant.
You are immune to negative energy.
Your system is resistant to poisons.
You heal slowly when monsters are visible.
You are immune to unholy pain and torment.
You can survive without breathing.


Message History

You are too injured to fight recklessly!
You struggle against the net.
The goblin shouts!
The gnoll hits you but does no damage.
You struggle against the net.
The gnoll hits you with a club.
* * * LOW HITPOINT WARNING * * *
You shred the net and break free!
The gnoll throws a throwing net.
The throwing net hits you.
You become entangled in the net!
A giant cockroach comes into view.
You struggle against the net.
The gnoll hits you but does no damage.
You try to slip out of the net.
The gnoll hits you with a club.
* * * LOW HITPOINT WARNING * * *
You tear a large gash into the net.
The gnoll barely misses you. The gnoll hits you with a flail.
* * * LOW HITPOINT WARNING * * *
You try to slip out of the net.
The goblin hits you.
* * * LOW HITPOINT WARNING * * *
The gnoll hits you but does no damage.
You slip out of the net!
The gnoll hits you with a flail!
You die...

...#####..........
# #####...#.##...
#.#.........# ...
#.#.###...### #
#.#.# ##.## #.
#.#.## #.#
##..#....###.#
......sg#g....#
#####g@.###......
##.## # ### #.####
#....# ####.# #.#
#.# #)# #.#


You could see 2 gnolls, a giant cockroach and a goblin.

Vanquished Creatures
  An orc priest (D:3)
  2 gnolls (D:3)
  2 adders (D:2)
  4 worms
  A giant gecko (D:1)
  4 orcs
  9 goblins
  5 hobgoblins
  A kobold (D:1)
  A ball python (D:2)
  4 bats
  A giant cockroach (D:1)
  3 giant newts
  7 rats
45 creatures vanquished.

Notes
Turn   | Place    | Note
--------------------------------------------------------------
     0 | D:1      | wvc, the Ghoul Gladiator, began the quest for the Orb.
     0 | D:1      | Reached XP level 1. HP: 17/17 MP: 1/1
    74 | D:1      | Reached skill level 3 in Maces & Flails
    99 | D:1      | Reached XP level 2. HP: 16/24 MP: 2/2
   751 | D:2      | Reached XP level 3. HP: 29/29 MP: 3/3
   842 | D:2      | Reached skill level 4 in Maces & Flails
  1802 | D:3      | Reached XP level 4. HP: 34/34 MP: 3/3
  2252 | D:3      | Reached skill level 5 in Maces & Flails
  2342 | D:3      | Reached XP level 5. HP: 38/41 MP: 4/4
  2400 | D:3      | HP: 2/41 [goblin (2)]
  2401 | D:3      | Slain by a gnoll

Action                   |  1- 3 |  4- 6 || total
-------------------------+-------+-------++-------
Melee: Flail             |   119 |    48 ||   167
  Use: Scroll            |     9 |       ||     9
       Potion            |       |     2 ||     2
  Eat: Chunk             |    22 |       ||    22
